 Dungeon Crawl Stone Soup version 0.24-a0-7-g1bb0902 (webtiles) character file.

Game seed: 9662788671451789066

184 robertstho the Chopper (level 5, 0/47 HPs)
             Began as a Minotaur Berserker on Jan 31, 2019.
             Was a Believer of Trog.
             Slain by a gnoll
             ... wielding a +0 spear
              (9 damage)
             ... on level 3 of the Dungeon.
             The game lasted 00:04:07 (1349 turns).

robertstho the Chopper (Minotaur Berserker)         Turns: 1349, Time: 00:04:07

Health: 0/47       AC:  6    Str: 22    XL:     5   Next: 36%
Magic:  4/4        EV: 11    Int:  4    God:    Trog [**....]
Gold:   69         SH:  0    Dex: 10    Spells: 4/4 levels left

rFire    . . .     SeeInvis .   a - +0 hand axe
rCold    . . .     Gourm    .   (no shield)
rNeg     . . .     Faith    .   r - +0 ring mail {rPois}
rPois    +         Spirit   .   (helmet restricted)
rElec    .         Reflect  .   (no cloak)
rCorr    .         Harm     .   h - +0 pair of gloves
MR       .....                  (no boots)
Stlth    ..........             f - amulet of the acrobat
HPRegen  0.15/turn              (no ring)
MPRegen  0.09/turn              (no ring)

@: no status effects
A: retaliatory headbutt, horns 2
a: Berserk, Trog's Hand, Renounce Religion


You were on level 3 of the Dungeon.
You worshipped Trog.
Trog was pleased with you.
You were not hungry.

You visited 1 branch of the dungeon, and saw 3 of its levels.

You collected 69 gold pieces.

Inventory:

Hand Weapons
 a - a +0 hand axe (weapon)
Missiles
 p - 7 javelins (quivered)
Armour
 h - a +0 pair of gloves (worn)
 r - a +0 ring mail of poison resistance (worn)
 s - a +0 chain mail
Jewellery
 f - an amulet of the acrobat (around neck)
Scrolls
 e - a scroll of blinking {unknown}
 i - a scroll of enchant armour {unknown}
 k - 2 scrolls of fog {unknown}
 l - a scroll of remove curse {unknown}
 m - a scroll of enchant weapon {unknown}
 n - a scroll of fear {unknown}
 q - a scroll of magic mapping
Potions
 b - a potion of ambrosia {unknown}
 d - a potion of curing
 j - a potion of heal wounds {unknown}
 o - 2 potions of cancellation
Comestibles
 c - 4 rations


   Skills:
 + Level 4.6 Fighting
 * Level 5.9 Axes
 * Level 3.5 Armour
 + Level 2.8 Dodging


You had 4 spell levels left.
You didn't know any spells.
Your spell library was empty.

Dungeon Overview and Level Annotations

Branches:
Dungeon (3/15)

Altars:
Elyvilon


Innate Abilities, Weirdness & Mutations

You reflexively headbutt those who attack you in melee.
You have a pair of horns on your head.


Message History

The gnoll barely misses you.
You closely miss the gnoll.
The gnoll is heavily wounded.
The gnoll shouts!
The gnoll hits you but does no damage. The gnoll hits you with a +0 spear.
You barely miss the gnoll.
The gnoll is heavily wounded.
The gnoll hits you but does no damage. The gnoll hits you with a +0 spear!
You hit the gnoll.
The gnoll is almost dead.
The gnoll closely misses you. The gnoll hits you with a +0 spear!
You hit the gnoll.
The gnoll is almost dead.
The gnoll hits you but does no damage. The gnoll hits you with a +0 spear.
Your ring mail prevents you from hitting the gnoll.
The gnoll is almost dead.
The gnoll hits you from afar with a +0 spear!
* * * LOW HITPOINT WARNING * * *
The gnoll hits you with a +0 spear!
You die...

.# .# ######## #g#
#......# g. #......#
#.# #..<...# ..# .
#......#########g##...>
#..†...#..@gggoog......
#........#######o#.....
#......### .# ...
#......# ## . #.....<#
#......# ########


You could see 4 gnolls, 3 orcs and a hobgoblin.

Vanquished Creatures
  3 orc wizards (D:2)
  An orc priest (D:2)
  Terence (D:2)
  2 dart slugs
  A leopard gecko (D:1)
  3 orcs
  4 giant cockroaches
  7 hobgoblins
  5 bats
  4 frilled lizards
  6 goblins
  3 kobolds
  6 rats
46 creatures vanquished.

Notes
Turn   | Place    | Note
-------+----------+-------------------------------------------
     0 | D:1      | robertstho the Minotaur Berserker began the quest for the
                  | Orb.
     0 | D:1      | Reached XP level 1. HP: 19/19 MP: 0/0
   122 | D:1      | Reached skill level 4 in Axes
   246 | D:1      | Reached XP level 2. HP: 27/27 MP: 1/1
   507 | D:2      | Found a white marble altar of Elyvilon.
   654 | D:2      | Reached ** piety under Trog
   702 | D:2      | Reached XP level 3. HP: 33/33 MP: 2/2
   860 | D:2      | Noticed Terence
   869 | D:2      | Killed Terence
   895 | D:2      | Reached skill level 5 in Axes
   895 | D:2      | Reached XP level 4. HP: 41/41 MP: 3/3
   902 | D:2      | Reached XP level 5. HP: 44/47 MP: 4/4
  1349 | D:3      | Slain by a gnoll

Vault maps used:
D:1:      tarquinn_simple_flora_water_b
D:2:      cheibrodos_pilgrimage, lemuel_round_altar, uniq_terence
D:3:      first_ration, chequers_ecumenical_altar_simple_redux, st_stairs_11

Skill      XL: |  1  2  3 |
---------------+----------+-----
Axes           | 4 5 |  5.9
Fighting       | 4 |  4.6
Armour         | 3 |  3.5
Dodging        | |  2.8

Action                   |  1- 3 |  4- 6 || total
-------------------------+-------+-------++-------
Melee: Hand axe          |    68 |    29 ||    97
       Headbutt          |     7 |     5 ||    12
Invok: Berserk           |     1 |       ||     1
       Trog's Hand       |       |     1 ||     1
  Use: Scroll            |     4 |       ||     4
       Potion            |       |     1 ||     1
  Eat: Chunk             |       |     3 ||     3
Armor: Animal skin       |     6 |       ||     6
       Ring mail         |     4 |    12 ||    16
Dodge: Dodged            |    55 |    10 ||    65

Table legend:
 A = Non-vault XP
 B = Vault XP
 C = Vault XP percentage of total XP
 D = Non-vault monster count
 E = Vault monster count
 F = Vault count percentage of total count
                 A         B        C        D         E       F
            +---------+---------+-------+---------+---------+-------
      Total |      68 |     195 |  74.1 |      39 |       7 |  15.2
            +---------+---------+-------+---------+---------+-------
        D:1 |      20 |       0 |   0.0 |      11 |       0 |   0.0
        D:2 |      39 |     195 |  83.3 |      23 |       7 |  23.3
        D:3 |       9 |       0 |   0.0 |       5 |       0 |   0.0
            +---------+---------+-------+---------+---------+-------
